 Dungeon Crawl Stone Soup version 0.26-a0-642-g67e99244d3 (webtiles) character file.

Game seed: 13779563629996058118

7 DogServant the Ruffian (level 1, 8/17 HPs)
             Began as a Palentonga Transmuter on Sept 22, 2020.
             Quit the game on level 1 of the Dungeon.
             The game lasted 00:00:42 (335 turns).

DogServant the Ruffian (Palentonga Transmuter)       Turns: 335, Time: 00:00:43

Health: 8/17       AC:  4    Str: 13    XL:     1   Next: 91%
Magic:  3/3        EV: 10    Int: 13    God:
Gold:   8          SH:  0    Dex: 10    Spells: 3/4 levels left

rFire    . . .     SeeInvis +     - Unarmed
rCold    . . .     Faith    .   (no shield)
rNeg     . . .     Spirit   .   a - +0 robe
rPois    .         Reflect  .   (no helmet)
rElec    .         Harm     .   (no cloak)
rCorr    .         Rampage  .   (no gloves)
MR       .....                  (no barding)
Stlth    +.........             (no amulet)
HPRegen  0.05/turn              (no ring)
MPRegen  0.08/turn              (no ring)

@: no status effects
A: large, rugged brown scales 3, see invisible, deformed body, roll, armoured
tail
a: Rolling Charge


You were on level 1 of the Dungeon.
You visited 1 branch of the dungeon, and saw 1 of its levels.

You collected 8 gold pieces.

Inventory:

Armour
 a - a +0 robe (worn)
Scrolls
 b - a scroll of identify {unknown}
 c - a scroll of teleportation {unknown}


   Skills:
 - Level 1.0 Fighting
 - Level 1.5 Dodging
 + Level 3.1 Unarmed Combat
 + Level 2.2 Spellcasting
 + Level 2.2 Transmutations


You had 3 spell levels left.
You knew the following spells:

 Your Spells              Type           Power        Failure   Level
a - Beastly Appendage     Tmut           #.....       10%         1

Your spell library contained the following spells:

 Spells                   Type           Power        Failure   Level
 Wereblood                Tmut           #.......     16%         2
 Spider Form              Tmut/Pois      #.........   43%         3
 Ice Form                 Ice/Tmut       #.......     83%         4
 Blade Hands              Tmut           #.........   95%         5


Dungeon Overview and Level Annotations

Branches:
Dungeon (1/15)

Altars:


Innate Abilities, Weirdness & Mutations

You are completely covered in rugged brown scales. (AC +3, +7% HP)
You have supernaturally acute eyesight. (SInv)
Armour fits poorly on your strangely shaped body.
You can roll at foes to attack.
You have a long armoured tail.


Message History

A bat comes into view.
You hear an angry hiss.
A rat comes into view.
A leopard gecko comes into view.
The hobgoblin hits you.
You completely miss the hobgoblin.
A hobgoblin comes into view. It is wielding a +0 club.
The goblin hits you with a +0 dagger. The hobgoblin misses you.
You barely miss the hobgoblin. The bat hits you but does no damage.
The goblin hits you but does no damage.
You closely miss the hobgoblin. The giant cockroach misses you.
The goblin misses you. The hobgoblin hits you.
The rat twitches its whiskers.
The rat bites you but does no damage. The giant cockroach barely misses you.
The goblin hits you but does no damage.
A rat comes into view.
The rat barely misses you. x2
The hobgoblin hits you but does no damage.
The goblin closely misses you. The bat misses you.
Are you sure you want to abandon this character and quit the game? (Confirm with "yes".)

. ##.......?...
#.#............
#.#............
#..............
##..#.gl.......
..##..†..g...#... #.##
.....r..g...### ###### #...
.....g.gbsrr#####....###.#
......r.g.@.#............##
..............###....######
............###.........(##
............##..#....###..#
............##.####### ##.#
..........?##. #####..
............ #.......
.........# ..####.#
######..# #####.#


You could see a leopard gecko, a giant cockroach, 2 hobgoblins, 4 goblins, a bat
and 4 rats.

Vanquished Creatures
  A leopard gecko (D:1)
  A bat (D:1)
  A hobgoblin (D:1)
  2 kobolds (D:1)
5 creatures vanquished.

Notes
Turn   | Place    | Note
-------+----------+-------------------------------------------
     0 | D:1      | DogServant the Palentonga Transmuter began the quest for
                  | the Orb.
     0 | D:1      | Reached XP level 1. HP: 17/17 MP: 3/3
   335 | D:1      | Quit the game

Illustrated notes

Levels and vault maps discovered:
D:1:      dpeg_arrival_rooms_c, layout_rooms, minivault_19, grunt_decor_clamped

Action                   || total
-------------------------++-------
Melee: Unarmed           ||    22
 Cast: Beastly Appendage ||     1
 Abil: Rolling Charge    ||     4
Armor: Robe              ||     5
Dodge: Dodged            ||    16

Table legend: (Time is in decaauts)
 A = Elapsed time spent in this place.
 B = Non-inter-level travel time spent in this place.
 C = Inter-level travel time spent in this place.
 D = Time resting spent in this place.
 E = Time spent auto-exploring this place.
 F = Levels seen in this place.
 G = Mean time per level.
                   A        B        C        D        E       F      G
               +--------+--------+--------+--------+--------+-----+--------+
         Total |    334 |    334 |      0 |    228 |     61 |   1 |  334.0 |
       Dungeon |    334 |    334 |      0 |    228 |     61 |   1 |  334.0 |
               +--------+--------+--------+--------+--------+-----+--------+

Top non-repeatable levels by time:
     D:1: 334 daAuts
